 Dungeon Crawl Stone Soup version 0.29.0-10-g45618ea6d2 (webtiles) character file.

Game seed: 9192913019609147080

128654 blackman the Bludgeoner (level 16, -3/138 HPs)
             Began as a Demonspawn Monk on Sept 1, 2022.
             Was the Champion of Cheibriados.
             Slain by a spriggan rider
             ... wielding a +0 spear
              (9 damage)
             ... on level 1 of the Swamp.
             The game lasted 01:24:57 (35818 turns).

blackman the Bludgeoner (Demonspawn Monk)          Turns: 35818, Time: 01:24:58

Health: -3/138     AC: 27    Str: 33    XL:     16   Next: 19%
Magic:  0/23       EV: 11    Int: 34    God:    Cheibriados [******]
Gold:   1369       SH:  0    Dex: 31    Spells: 15/15 levels left

rFire   + . .      SeeInvis +   a - +0 triple crossbow
rCold   + . .      Faith    .   (shield currently unavailable)
rNeg    . . .      Spirit   +   T - +2 plate armour {rC+}
rPois   +          Reflect  .   S - +1 helmet "Zeydexaf" {rPois Int+6 SInv}
rElec   .          Harm     .   (cloak unavailable)
rCorr   .          Rampage  .   y - +3 pair of gauntlets of War {Slay+5}
Will    +....                   q - +2 pair of boots
Stlth   ..........              H - amulet of guardian spirit
HPRegen 0.33/turn               v - +4 ring of protection
MPRegen 0.18/turn               l - ring of protection from fire

@: corroded, slowed, very slow
A: molten scales 2, demonic guardian 1, ignite blood 1, weakness stinger 3
}: 1/15 runes: serpentine
a: Renounce Religion, Bend Time, Temporal Distortion, Slouch, Step From Time


You were on level 1 of the Swamp.
You worshipped Cheibriados.
Cheibriados was exalted by your worship.
You visited 6 branches of the dungeon, and saw 25 of its levels.
You also visited: Bailey.

You collected 2389 gold pieces.
You spent 1020 gold pieces at shops.

Inventory:

Hand Weapons
 a - a +0 triple crossbow (weapon)
 b - a +6 vorpal great mace
 U - a +2 vorpal eveningstar
Missiles
 J - 15 curare-tipped darts
Armour
 o - a +2 helmet
 q - a +2 pair of boots (worn)
 y - the +3 pair of gauntlets of War (worn) {Slay+5}
   (You found it on level 4 of the Lair of Beasts)

   Slay:      It affects your accuracy & damage with ranged weapons and melee
   (+5).
 S - the +1 helmet "Zeydexaf" (worn) {rPois Int+6 SInv}
   (You bought it in a shop on level 2 of the Orcish Mines)

   Int:       It affects your intelligence (+6).
   rPois:     It protects you from poison.
   SInv:      It lets you see invisible.
 T - a +2 plate armour of cold resistance (worn)
 V - a +1 tower shield of protection
Jewellery
 l - a ring of protection from fire (right hand)
 t - a ring of protection from cold
 u - a ring of protection from fire
 v - a +4 ring of protection (left hand)
 H - an amulet of guardian spirit (around neck)
 O - an amulet of reflection
Wands
 g - a wand of light (3)
 E - a wand of flame (36)
 L - a wand of paralysis (11)
 P - a wand of digging (14)
 R - a wand of iceblast (16)
Scrolls
 d - 2 scrolls of amnesia
 e - 4 scrolls of identify
 j - 16 scrolls of teleportation
 k - 4 scrolls of noise
 m - 2 scrolls of magic mapping
 n - 3 scrolls of fear
 p - a scroll of torment
 w - 4 scrolls of immolation
 z - 3 scrolls of vulnerability
 I - 5 scrolls of butterflies
Potions
 c - 3 potions of ambrosia
 f - 3 potions of berserk rage
 h - 6 potions of curing
 i - 7 potions of degeneration
 r - 5 potions of might
 s - 4 potions of lignification
 x - 2 potions of magic
 A - 5 potions of brilliance
 B - a potion of invisibility
 C - a potion of resistance
 D - 4 potions of haste
 G - 2 potions of attraction
 K - 2 potions of cancellation
 M - 5 potions of flight
 Q - a potion of mutation
Miscellaneous
 N - a lightning rod (1/4)


   Skills:
 - Level 16.2 Fighting
 - Level 3.4(11.2) Axes
 - Level 16.3(16.4) Maces & Flails
 - Level 12.0 Armour
 - Level 2.6 Dodging
 - Level 1.7 Stealth
 - Level 3.5 Shields
 * Level 8.2 Hexes
 - Level 10.3 Invocations


You had 15 spell levels left.
You didn't know any spells.
Your spell library contained the following spells:

 Spells                   Type           Power      Damage    Failure   Level
 Confusing Touch          Hex            54%        N/A       4%          3
 Dazzling Flash           Conj/Hex       56%        N/A       22%         3
 Apportation              Tloc           0%         N/A       38%         1
 Magic Dart               Conj           0%         1d3       38%         1
 Necrotise                Necr           0%         1d4       38%         1
 Summon Small Mammal      Summ           0%         N/A       38%         1
 Call Imp                 Summ           0%         N/A       52%         2
 Poisonous Vapours        Pois/Air       0%         N/A       52%         2
 Scorch                   Fire           0%         2d5       52%         2
 Searing Ray              Conj           0%         2d4       52%         2
 Fulminant Prism          Conj/Hex       14%        3d9       58%         4
 Ignite Poison            Fire/Tmut/Pois 0%         N/A       77%         3
 Mephitic Cloud           Conj/Pois/Air  0%         N/A       77%         3
 Summon Mana Viper        Hex/Summ       28%        N/A       91%         5
 Yara's Violent Unravell  Hex/Tmut       14%        3d7       91%         5
 Airstrike                Air            0%         2d(0-16)  99%         4
 Corpse Rot               Necr/Pois/Air  0%         N/A       99%         4
 Dispel Undead            Necr           0%         3d6       99%         4
 Flame Wave               Conj/Fire      0%         2d4       99%         4
 Iskenderun's Mystic Bla  Conj/Tloc      0%         2d3       99%         4
 Summon Lightning Spire   Summ/Air       0%         N/A       99%         4
 Blade Hands              Tmut           0%         N/A       100%        5
 Freezing Cloud           Conj/Ice/Air   0%         6-21      100%        5
 Irradiate                Conj/Tmut      0%         3d11      100%        5
 Lightning Bolt           Conj/Air       0%         1d11      100%        5
 Summon Forest            Summ/Tloc      0%         N/A       100%        5
 Starburst                Conj/Fire      0%         6d3       100%        6
 Summon Cactus Giant      Summ           0%         N/A       100%        6
 Dragon Form              Tmut           0%         N/A       100%        7
 Enfeeble                 Hex            27%        N/A       100%        7


Dungeon Overview and Level Annotations

Branches:
Dungeon (12/15)            Temple (1/1) D:5            Lair (5/5) D:9
  Swamp (1/4) Lair:2        Snake (4/4) Lair:3        Slime (0/5) Lair:4
    Orc (2/2) D:10            Elf (0/3) Orc:2        Bailey (visited)

Altars:
Ashenzari
Cheibriados
Makhleb
Nemelex Xobeh
Okawaru
Qazlal
Ru
Vehumet
Wu Jian
Jiyva

Shops:
D:8 *   Orc:1 (   Orc:2 *([[   Snake:2 (   Snake:4 :

Annotations:
Lair:2 1 runed translucent door, Zoobame's ghost, journeyman DEHW


Innate Abilities, Weirdness & Mutations

You are mostly covered in molten scales. (AC +3)
A weak demonic guardian rushes to your aid.
Your demonic aura sometimes causes spilled blood to erupt in flames.
You have a sharp stinger which inflicts weakening toxins.


Message History

The spriggan rider hits you but does no damage.
The goliath frog hits you from afar.
* * * LOW HITPOINT WARNING * * *
You are splashed with acid!
* * * LOW HITPOINT WARNING * * *
You are too injured to fight recklessly!
You are too injured to fight recklessly!
Unknown command.
Unknown command.
You feel better.
The spriggan rider hits you but does no damage.
The goliath frog hits you but does no damage. x2
The spriggan rider hits you but does no damage.
Fire: a) +0 triple crossbow
Press: ? - help, Shift-Dir - straight line, f/p - spriggan rider
Aim: a spriggan rider, wielding a +0 spear and quivering curare-tipped darts (heavily wounded, 55% to hit)
You shoot a bolt.
The bolt closely misses the spriggan rider.
The goliath frog hits you from afar!
* * * LOW HITPOINT WARNING * * *
The acid corrodes you!
You are splashed with acid!
* * * LOW HITPOINT WARNING * * *
The spriggan rider hits you but does no damage.
The goliath frog hits you but does no damage.
The spriggan rider throws a curare-tipped dart.
The curare-tipped dart hits you.
The goliath frog hits you but does no damage.
The spriggan rider hits you but does no damage.
The goliath frog hits you from afar!
* * * LOW HITPOINT WARNING * * *
A demonic guardian appears!
You are splashed with acid.
* * * LOW HITPOINT WARNING * * *
Okay, then.
Unknown command.
Magic courses through your body. The goliath frog hits you from afar!
* * * LOW HITPOINT WARNING * * *
You are splashed with acid!
* * * LOW HITPOINT WARNING * * *
The spriggan rider hits you from afar with a +0 spear!!
You die...

..~~.~ .~~~~
♣.~~?.♣ .~~~~
♣$.~~~.♣♣♣.~~~~
♣.).~~.....~~~~
♣~..~!.~~~~~~~~
♣......~~F~~.~~
♣..4~§.....~
♣...@.i~....
♣♣..☼.~~~.~♣
♣♣.~~~~.~♣♣
♣♣♣....~~~~.
♣.~.<~.~~~~~
♣♣♣♣~♣..~~~~
♣♣♣~...~~
~..... ~..~~


You could see a spriggan rider, a goliath frog (ally target) and a friendly
orange demon (summoned).

Vanquished Creatures
  Jorgrun (Snake:2)
  7 nagarajas
  Donald (Snake:1)
  Aizul (Snake:1)
  An orc warlord (Orc:2)
  A fire dragon (Lair:5)
  A boulder beetle (D:11)
  3 hydras
  3 salamander tyrants
  6 anacondas
  2 vault guards (Bailey)
  Erica (D:11)
  21 naga warriors
  An alligator (Lair:2)
  2 death yaks (Lair:4)
  3 two-headed ogres
  6 naga sharpshooters
  3 shock serpents (Snake:3)
  2 orc high priests (Orc:2)
  3 salamander mystics
  3 naga ritualists
  An obsidian statue (D:11)
  A lindwurm (Lair:5)
  2 orc sorcerers (Orc:2)
  6 mana vipers
  An ugly thing (D:11)
  A manticore (D:11)
  10 elephants
  10 salamanders
  42 black mambas
  9 naga magi
  A gargoyle (D:11)
  3 molten gargoyles (Lair:5)
  2 guardian serpents (Snake:2)
  10 cane toads
  A torpor snail (Lair:5)
  2 kobold demonologists
  6 rime drakes
  9 komodo dragons
  2 trolls
  A tyrant leech (Lair:2)
  Prince Ribbit (Bailey)
  2 slime creatures (D:12)
  3 polar bears
  5 dream sheep (Lair:4)
  24 blink frogs
  A wraith (D:9)
  5 wyverns
  5 basilisks
  A shadow (D:11)
  9 humans (Bailey)
  25 yaks
  3 steam dragons
  4 wargs
  4 swamp worms
  2 acid dragons
  11 water moccasins
  49 nagas
  4 hell hounds (Lair:5)
  3 black bears
  28 orc warriors
  2 ice beasts (D:6)
  6 ogres
  6 wolves
  A centaur (D:10)
  24 kobold brigands
  14 bullfrogs
  2 scorpions (D:6)
  2 necrophages
  4 wights (D:9)
  11 killer bees (D:10)
  8 howler monkeys
  4 lava snakes (Lair:5)
  5 gnoll boudas
  3 jellies
  16 orc priests
  3 hounds
  26 orc wizards
  An iguana (D:4)
  22 gnolls
  7 adders
  2 shadow imps
  An ufetubus (D:6)
  2 worms (D:2)
  3 dart slugs (D:1)
  115 orcs
  9 ball pythons
  9 endoplasms
  A giant cockroach (D:2)
  14 goblins
  12 hobgoblins
  12 jackals
  21 kobolds
  A quokka (D:2)
  7 bats
  5 frilled lizards
  5 rats
767 creatures vanquished.

Vanquished Creatures (collateral kills)
  A polar bear (Lair:4)
  A blink frog (Lair:4)
  An orc warrior (D:10)
  3 kobold brigands (D:10)
  An orc priest (D:10)
  A gnoll (D:5)
  A goblin (D:8)
  A jackal (D:5)
  A kobold (D:10)
11 creatures vanquished.

Vanquished Creatures (others)
  30 fungi
  42 plants
72 creatures vanquished.

Grand Total: 850 creatures vanquished

Notes
Turn   | Place    | Note
-------+----------+-------------------------------------------
     0 | D:1      | blackman the Demonspawn Monk began the quest for the Orb.
     0 | D:1      | Reached XP level 1. HP: 18/18 MP: 1/1
   235 | D:1      | Found a faded altar of an unknown god.
   274 | D:1      | Prayed at the altar of an unknown god.
   274 | D:1      | Became a worshipper of Cheibriados the Contemplative
   274 | D:1      | Reached * piety under Cheibriados
   274 | D:1      | Reached ** piety under Cheibriados
   303 | D:1      | Gained mutation: You have a small tail. [demonic ancestry]
   303 | D:1      | Reached XP level 2. HP: 18/24 MP: 2/2
   436 | D:1      | Reached *** piety under Cheibriados
   683 | D:1      | Reached skill level 1 in Maces & Flails
   878 | D:1      | Gained mutation: Your demonic aura sometimes causes spilled
                  | blood to erupt in flames. [demonic ancestry]
   878 | D:1      | Reached XP level 3. HP: 24/29 MP: 3/3
  1487 | D:2      | Reached **** piety under Cheibriados
  1990 | D:2      | Reached XP level 4. HP: 32/35 MP: 4/4
  2592 | D:3      | Found a sacrificial altar of Ru.
  2756 | D:3      | Reached ***** piety under Cheibriados
  2968 | D:4      | Gained mutation: You are partially covered in molten
                  | scales. (AC +2) [demonic ancestry]
  2968 | D:4      | Reached XP level 5. HP: 38/41 MP: 5/5
  3564 | D:4      | Gained mutation: A weak demonic guardian rushes to your
                  | aid. [demonic ancestry]
  3564 | D:4      | Reached XP level 6. HP: 47/47 MP: 6/6
  3715 | D:5      | Entered Level 5 of the Dungeon
  3768 | D:5      | Found a broken altar of Ashenzari.
  3804 | D:5      | Reached skill level 5 in Maces & Flails
  4398 | D:5      | Found a staircase to the Ecumenical Temple.
  4535 | D:5      | Noticed a water moccasin
  4542 | D:5      | Killed a water moccasin
  4543 | D:5      | Reached XP level 7. HP: 42/52 MP: 7/7
  4880 | D:5      | Got the Almanac of Grisly Generation
  5209 | Temple   | Entered the Ecumenical Temple
  5422 | D:6      | Reached XP level 8. HP: 43/58 MP: 8/8
  5964 | D:6      | Found an iron altar of Okawaru.
  6357 | D:7      | Reached ****** piety under Cheibriados
  6405 | D:7      | Reached skill level 10 in Maces & Flails
  6811 | D:8      | Found Natuuf's Serpentskin Sales.
  6814 | D:8      | Reached XP level 9. HP: 60/63 MP: 9/9
  6832 | D:8      | Bought 2 curare-tipped darts for 13 gold pieces
  6832 | D:8      | Bought 4 curare-tipped darts for 26 gold pieces
  6976 | D:8      | Found a flagged portal.
  6984 | Bailey   | Entered a bailey
  7532 | Bailey   | HP: 2/63 [human/+0 war axe (9)]
  7541 | Bailey   | Reached skill level 1 in Invocations
  7545 | Bailey   | Reached XP level 10. HP: 21/70 MP: 9/11
  8018 | Bailey   | Noticed Prince Ribbit
  8018 | Bailey   | Noticed a vault guard
  8024 | Bailey   | Killed Prince Ribbit
  8031 | Bailey   | Killed a vault guard
  8046 | Bailey   | Noticed a vault guard
  8057 | Bailey   | Killed a vault guard
  8346 | D:8      | Reached skill level 1 in Armour
  9052 | D:8      | Noticed a two-headed ogre
  9068 | D:8      | Killed a two-headed ogre
  9069 | D:8      | Reached skill level 5 in Fighting
  9441 | D:9      | Found a staircase to the Lair.
  9545 | D:9      | Noticed a two-headed ogre
  9883 | D:9      | Gained mutation: You are mostly covered in molten scales.
                  | (AC +3) [demonic ancestry]
  9883 | D:9      | Reached XP level 11. HP: 81/81 MP: 17/17
 10234 | D:9      | Found a stormy altar of Qazlal.
 10258 | D:9      | Killed a two-headed ogre
 10584 | D:10     | Entered Level 10 of the Dungeon
 10801 | D:10     | Noticed a two-headed ogre
 10810 | D:10     | Killed a two-headed ogre
 10852 | D:10     | Found a staircase to the Orcish Mines.
 11506 | D:10     | Reached skill level 5 in Armour
 12372 | Orc:1    | Entered Level 1 of the Orcish Mines
 13375 | Orc:1    | Found Vaciez's Weapon Shop.
 14186 | D:11     | Noticed an obsidian statue
 14193 | D:11     | Noticed a sixfirhy
 14193 | D:11     | Killed an obsidian statue
 14194 | D:11     | Reached skill level 10 in Fighting
 14309 | D:11     | Noticed a red ugly thing
 14316 | D:11     | Killed a red ugly thing
 14317 | D:11     | Gained mutation: You have a tail ending in a sharp stinger.
                  | [demonic ancestry]
 14317 | D:11     | Reached XP level 12. HP: 72/98 MP: 18/18
 14539 | D:11     | Noticed Erica
 14547 | D:11     | Killed Erica
 15200 | D:11     | Noticed a boulder beetle
 15205 | D:11     | Killed a boulder beetle
 15398 | D:12     | Noticed a seven-headed hydra
 15398 | D:12     | Noticed a two-headed ogre
 15556 | Lair:1   | Entered Level 1 of the Lair of Beasts
 16501 | Lair:2   | You fall into a shaft and drop 1 floor!
 16774 | Lair:2   | Found a staircase to the Swamp.
 17331 | Lair:2   | Noticed a seven-headed hydra
 17331 | Lair:2   | Noticed an eight-headed hydra
 17335 | Lair:2   | Killed an eight-headed hydra
 17337 | Lair:2   | Killed a seven-headed hydra
 18423 | Lair:2   | Found a runed translucent door.
 18424 | Lair:2   | Noticed Zoobame's ghost (journeyman DEHW)
 18427 | Lair:2   | Identified the +5 spear "Quhengoi" {distort, rC+ Str+4
                  | Dex-3}
 18956 | Lair:2   | Reached XP level 13. HP: 58/111 MP: 19/19
 19560 | Lair:3   | Found a staircase to the Snake Pit.
 20047 | Lair:4   | Found the +3 pair of gauntlets of War {Slay+5}
 20390 | Lair:4   | Found a viscous altar of Jiyva.
 20390 | Lair:4   | Found a staircase to the Slime Pits.
 21190 | Lair:5   | Entered Level 5 of the Lair of Beasts
 21613 | Lair:5   | Reached skill level 15 in Maces & Flails
 21783 | Lair:5   | Identified the +3 ring mail "Vixom" {Harm rElec rPois
                  | Str-5}
 22281 | Lair:5   | Noticed a fire dragon
 22310 | Lair:5   | Found a large runed translucent door.
 22310 | Lair:5   | Found a large runed translucent door.
 22344 | Lair:5   | Gained mutation: You have a sharp stinger which inflicts
                  | weakening toxins. [demonic ancestry]
 22344 | Lair:5   | Reached XP level 14. HP: 82/118 MP: 20/20
 23502 | Orc:2    | Entered Level 2 of the Orcish Mines
 23710 | Orc:2    | Found a staircase to the Elven Halls.
 23890 | Orc:2    | Noticed an orc warlord
 23901 | Orc:2    | Killed an orc warlord
 24153 | Orc:2    | Found Renuyvee's Antique Armour Shoppe.
 24155 | Orc:2    | Found Ejocicro's Antique Weapon Emporium.
 24162 | Orc:2    | Bought a polished helmet for 285 gold pieces
 24162 | Orc:2    | Identified the +1 helmet "Zeydexaf" {rPois Int+6 SInv} (You
                  | bought it in a shop on level 2 of the Orcish Mines)
 24209 | Orc:2    | Reached skill level 10 in Invocations
 24516 | Orc:2    | Found Qegon's Antique Armour Emporium.
 24905 | Orc:2    | Found Duaxzuti's Assorted Antiques.
 25072 | Snake:1  | Entered Level 1 of the Snake Pit
 25078 | Snake:1  | Noticed Donald
 25085 | Snake:1  | Killed Donald
 26353 | Snake:1  | Noticed Aizul
 26358 | Snake:1  | Killed Aizul
 26359 | Snake:1  | Reached skill level 10 in Armour
 27152 | Snake:2  | Noticed a nagaraja
 27166 | Snake:2  | Killed a nagaraja
 27874 | Snake:2  | Found Goddeot's Firing Range.
 27885 | Snake:2  | Bought a throwing net for 36 gold pieces
 27886 | Snake:2  | Noticed a nagaraja
 27891 | Snake:2  | Noticed Jorgrun
 27894 | Snake:2  | Killed a nagaraja
 27902 | Snake:2  | Killed Jorgrun
 27903 | Snake:2  | Reached XP level 15. HP: 84/126 MP: 12/22
 29752 | Snake:3  | Reached skill level 15 in Fighting
 30776 | Snake:3  | Identified a scroll of acquirement
 30776 | Snake:3  | Acquired a +2 vorpal eveningstar
 30954 | Snake:4  | Entered Level 4 of the Snake Pit
 30954 | Snake:4  | Found Roipsure's Book Shop.
 31309 | Snake:4  | Bought a book of Misfortune for 540 gold pieces
 31449 | Snake:4  | Reached skill level 1 in Hexes
 32141 | Snake:4  | Reached skill level 5 in Hexes
 32308 | Snake:4  | Reached skill level 1 in Shields
 33349 | Snake:2  | Bought a +0 triple crossbow for 120 gold pieces
 33641 | Snake:4  | Noticed a nagaraja
 33648 | Snake:4  | Killed a nagaraja
 33788 | Snake:4  | Noticed a nagaraja
 33791 | Snake:4  | Killed a nagaraja
 33798 | Snake:4  | Reached XP level 16. HP: 131/138 MP: 23/23
 35599 | Snake:4  | Got a serpentine rune of Zot
 35775 | Swamp:1  | Entered Level 1 of the Swamp
 35818 | Swamp:1  | HP: 6/138 [acid (3)]
 35818 | Swamp:1  | Slain by a spriggan rider

Illustrated notes

Levels and vault maps discovered:
D:1:      dpeg_arrival_another_circle, layout_rooms,
          chequers_ecumenical_altar_lobes, minmay_misc_feat_four_crosses,
          minmay_misc_feat_rugged, minmay_tetromino_o4
D:2:      wad_crossroads, layout_basic
D:3:      layout_loops_cross, nicolae_ru_awakened_eye, minmay_crystal_room
D:4:      layout_cave_pools
D:5:      layout_loops_corners, nicolae_ashenzari_panopticon,
          minmay_temple_entry_hall
D:6:      layout_basic, lemuel_doored_altar
D:7:      layout_gridville
D:8:      layout_loops_ring, enter_bailey_3, guppyfry_shop_venom
D:9:      layout_irregular_city, mainiacjoe_overflow_catwalk, lair_entry_dummy
D:10:     layout_rooms, hiddenorc2_lemuel, special_room [special_room_kobold]
D:11:     layout_roguey, minivault_16, uniq_erica
D:12:     layout_irregular_city
Temple:   hc_temple_tempest_star
Lair:1:   layout_regular_city, serial_forest, infiniplex_forest_straight_4,
          infiniplex_forest_end_2, infiniplex_forest_clump_tiny,
          infiniplex_forest_clump_medium, infiniplex_forest_straight_3
Lair:2:   layout_hall_layers, minmay_swamp_entry_worms,
          ebering_ghost_funeral_grove
Lair:3:   layout_long_grid, minmay_snake_entry_guardpost_small
Lair:4:   layout_gridlike, slime_entry_1, guppyfry_lair_drakes
Lair:5:   cheibrodos_lair_end_hotspot, layout_misc_corridors
Swamp:1:  layout_basic_swamp, nicolae_swamp_ascending_descending, swamp_pool5,
          uniq_mlioglotl
Snake:1:  layout_chambers, uniq_aizul, uniq_donald
Snake:2:  layout_concentric_octagons, nicolae_shop_firing_range, uniq_jorgrun
Snake:3:  layout_grid_shapes
Snake:4:  minmay_snake_end_coiled, layout_cave_town, serial_shops, shop
Orc:1:    layout_caves, serial_shops, nicolae_shop_bloodbath_and_beyond
Orc:2:    grunt_orc_community_town_hall, layout_diamond_mine,
          grunt_orc_community_big_house_2, grunt_orc_community_big_house_2,
          grunt_orc_community_house_2, grunt_orc_community_house_1,
          grunt_orc_community_house_3, grunt_orc_community_house_2

Skill      XL: |  1  2  3  4  5  6  7  8  9 10 11 12 13 14 15 16 |
---------------+-------------------------------------------------+-----
Axes           | 3 |  3.4
Maces & Flails | 1 2 3 4 6 8 10 12 15 16 | 16.3
Invocations    | 2 8 10 | 10.3
Armour         | 3 6 8 11 12 | 12.0
Fighting       | 6 10 13 14 16 | 16.2
Hexes          | 6 8 |  8.2
Shields        | 3 |  3.5
Dodging        | |  2.6
Stealth        | |  1.7

Action                   |  1- 3 |  4- 6 |  7- 9 | 10-12 | 13-15 | 16-18 || total
-------------------------+-------+-------+-------+-------+-------+-------++-------
Melee: Hand axe          |    19 |       |       |       |       |       ||    19
       Great mace        |    75 |   134 |   191 |   509 |   633 |    33 ||  1575
       Tailslap          |     8 |    14 |    23 |    90 |   107 |     6 ||   248
       Eveningstar       |       |       |       |       |     4 |       ||     4
 Fire: Triple crossbow   |       |       |       |       |    24 |    31 ||    55
Throw: Dart              |       |       |     1 |    15 |     1 |       ||    17
       Throwing net      |       |       |       |       |     1 |     1 ||     2
Invok: Bend Time         |       |     1 |       |     2 |     4 |       ||     7
       Slouch            |       |       |       |    11 |     7 |       ||    18
       Temporal Distorti |       |       |       |     1 |     4 |       ||     5
Evoke: Wand              |       |       |     2 |    16 |     1 |       ||    19
       Lightning rod     |       |       |       |       |       |     3 ||     3
  Use: Potion            |     1 |       |     2 |     4 |     4 |     3 ||    14
       Scroll            |       |    11 |     7 |    19 |     9 |       ||    46
 Stab: Sleeping          |     1 |       |       |       |       |       ||     1
       Distracted        |       |       |       |     1 |       |       ||     1
       Invisible         |       |       |       |       |     1 |       ||     1
       Held in net/web   |       |       |       |       |       |     1 ||     1
Armor: Robe              |    20 |       |       |       |       |       ||    20
       Scale mail        |    36 |       |       |       |       |       ||    36
       Chain mail        |     8 |   149 |   124 |   218 |       |       ||   499
       Plate armour      |       |       |       |   204 |   571 |    77 ||   852
Dodge: Dodged            |   108 |    89 |   123 |   363 |   372 |    50 ||  1105
Block: Other             |       |       |       |   141 |    68 |       ||   209
       Reflection        |       |       |       |     4 |     1 |       ||     5
       Tower shield      |       |       |       |       |     2 |       ||     2
